 Dungeon Crawl Stone Soup version 0.28-a0-1344-g6b9ff3a05d (webtiles) character file.

Game seed: 7825356086163870564

4210 Deminshera the Prestidigitator (level 10, -6/59 HPs)
             Began as a Kobold Enchanter on Dec 29, 2021.
             Was a Priest of Dithmenos.
             Mangled by a two-headed ogre (12 damage)
             ... on level 9 of the Dungeon.
             The game lasted 00:20:13 (11486 turns).

Deminshera the Prestidigitator (Kobold Enchanter)  Turns: 11486, Time: 00:20:14

Health: -6/59      AC:  4    Str:  9    XL:     10   Next: 54%
Magic:  10/14      EV: 15    Int: 18    God:    Dithmenos [***...]
Gold:   56         SH:  0    Dex: 19    Spells: 10/15 levels left

rFire   . . .      SeeInvis .   z - +1 dagger (venom)
rCold   . . .      Faith    .   (no shield)
rNeg    . . .      Spirit   .   b - +0 robe
rPois   .          Reflect  .   (no helmet)
rElec   .          Harm     .   i - +0 cloak
rCorr   +          Rampage  .   (no gloves)
Will    .....                   a - +0 pair of boots of Goigh {Dex+4}
Stlth   ++++++++..              c - amulet of regeneration
HPRegen 0.99/turn               t - ring of resist corrosion
MPRegen 0.14/turn               (no ring)

@: wreathed by umbra
A: small, no large weapons, nightstalker 3
a: Renounce Religion, Shadow Step


You were on level 9 of the Dungeon.
You worshipped Dithmenos.
Dithmenos was most pleased with you.
You visited 1 branch of the dungeon, and saw 9 of its levels.
You also visited: Ossuary.

You collected 368 gold pieces.
You spent 312 gold pieces at shops.

Inventory:

Hand Weapons
 q - a +2 whip of flaming
 z - a +1 dagger of venom (weapon)
Missiles
 B - 3 throwing nets (quivered)
Armour
 a - the +0 pair of boots of Goigh (worn) {Dex+4}
   (You bought it in a shop on level 8 of the Dungeon)

   Dex:       It affects your dexterity (+4).
 b - a +0 robe (worn)
 i - a +0 cloak (worn)
 r - a +1 pair of boots
Jewellery
 c - an amulet of regeneration (around neck)
 k - a ring of fire
 t - a ring of resist corrosion (left hand)
Wands
 u - a wand of acid (9)
 v - a wand of iceblast (8)
 y - a wand of flame (18)
Scrolls
 e - 7 scrolls of immolation
 h - 2 scrolls of enchant armour
 p - 2 scrolls of teleportation
 x - 3 scrolls of enchant weapon
Potions
 f - 7 potions of curing
 g - a potion of might
 j - 3 potions of flight
 l - 4 potions of attraction
 m - 2 potions of mutation
 n - 3 potions of brilliance
 o - 2 potions of haste
 s - a potion of resistance
 w - a potion of heal wounds


   Skills:
 - Level 5.0 Fighting
 - Level 5.0 Short Blades
 - Level 2.4 Dodging
 - Level 10.0 Stealth
 - Level 3.0 Spellcasting
 - Level 5.0 Hexes
 - Level 2.0 Ice Magic
 + Level 12.4 Evocations


You had 10 spell levels left.
You knew the following spells:

 Your Spells              Type           Power      Damage    Failure   Level
a - Ensorcelled Hibernat  Hex/Ice        30%        N/A       6%          2
b - Tukima's Dance        Hex            20%        N/A       6%          3

Your spell library contained the following spells:

 Spells                   Type           Power      Damage    Failure   Level
 Confusing Touch          Hex            20%        N/A       6%          3
 Dazzling Flash           Conj/Hex       22%        N/A       17%         3
 Corpse Rot               Necr/Air       4%         N/A       24%         2
 Passwall                 Tmut/Erth      1%         N/A       24%         2
 Poisonous Vapours        Pois/Air       4%         N/A       24%         2
 Sublimation of Blood     Necr           2%         N/A       24%         2
 Swiftness                Air            2%         N/A       43%         3
 Petrify                  Tmut/Erth      2%         N/A       85%         4
 Irradiate                Conj/Tmut      1%         3d14      99%         5


Dungeon Overview and Level Annotations

Branches:
Dungeon (9/15)             Temple (0/1) D:5         Ossuary (visited)
   Lair: D:8-11         Orc: D:9-12

Altars:
Cheibriados
Dithmenos
Hepliaklqana
Okawaru
Ru
Wu Jian
Yredelemnul

Shops:
D:1 [   D:3 [   D:8 [***:

Annotations:
D:6 1 runed translucent door, Solarlight's ghost, novice MiFi


Innate Abilities, Weirdness & Mutations

You are small and have problems with some larger weapons.
You are completely attuned to the shadows.


Message History

The two-headed ogre hits you with a +0 giant club!!
The two-headed ogre hits you with a +0 giant club!
* * * LOW HITPOINT WARNING * * *
Casting: Ensorcelled Hibernation (safe; 6% risk of failure)
Confirm with . or Enter, or press ? or * to list all spells.
Aiming: Ensorcelled Hibernation (safe; 6% risk of failure)
Press: ? - help, Shift-Dir - straight line, f/p - two-headed ogre
Aim: a two-headed ogre, wielding two +0 giant clubs (umbra, chance to affect: 31%)
The two-headed ogre easily resists.
The two-headed ogre misses you.
The two-headed ogre completely misses you.
Blink to where?
Press: ? - help, Dir - move target, p - two-headed ogre
As you read the scroll of blinking, it crumbles to dust.
You climb upwards.
There is a stone staircase leading down here.
You start resting.
HP restored.
You start resting.
Magic restored.
You climb downwards.
The two-headed ogre hits you with a +0 giant club!!
The two-headed ogre barely misses you.
The two-headed ogre hits you with a +0 giant club!
The two-headed ogre hits you with a +0 giant club!!
* * * LOW HITPOINT WARNING * * *
There is a stone staircase leading up, spattered with blood here.
Casting: Ensorcelled Hibernation (safe; 6% risk of failure)
Confirm with . or Enter, or press ? or * to list all spells.
Aiming: Ensorcelled Hibernation (safe; 6% risk of failure)
Press: ? - help, Shift-Dir - straight line, f - two-headed ogre
Aim: a two-headed ogre, wielding two +0 giant clubs (umbra, chance to affect: 31%)
The two-headed ogre easily resists.
Casting: Ensorcelled Hibernation (safe; 6% risk of failure)
Confirm with . or Enter, or press ? or * to list all spells.
Aiming: Ensorcelled Hibernation (safe; 6% risk of failure)
Press: ? - help, Shift-Dir - straight line, f/p - two-headed ogre
Aim: a two-headed ogre, wielding two +0 giant clubs (umbra, chance to affect: 31%)
The two-headed ogre easily resists.
The two-headed ogre hits you with a +0 giant club!
You die...

#..# #....
##..##### #
#.......####.#.
#....##....(...
#@....#.####.#.
##O#..#.# #
......#.#
###.#..#.#
#.#..#


You could see a two-headed ogre.

Vanquished Creatures
  Harold (D:8)
  A cyclops (D:9)
  Joseph (D:8)
  Prince Ribbit (D:7)
  Grinder (D:4)
  2 vampire mosquitoes (D:8)
  A water moccasin (D:7)
  4 ice beasts
  A sky beast (D:5)
  2 orc warriors
  A phantom (D:5)
  2 elf zombies (Ossuary)
  3 bullfrogs
  A scorpion (D:5)
  A water moccasin skeleton (D:4)
  A howler monkey (D:4)
  3 centaur zombies (Ossuary)
  2 lava snakes (D:7)
  A human zombie (Ossuary)
  2 hounds
  A jelly (D:5)
  A bullfrog skeleton (D:4)
  3 orc priests
  A gnoll shaman (D:5)
  An iguana (D:5)
  Terence (D:1)
  2 orc wizards
  Ijyb (D:5)
  2 hound skeletons (D:4)
  4 mummies
  12 gnolls
  3 howler monkey skeletons
  4 adders
  A shadow imp (D:5)
  2 white imps
  An ufetubus (D:6)
  2 adder zombies (Ossuary)
  2 worms (D:2)
  22 orcs
  6 endoplasms
  3 giant cockroaches
  7 hobgoblins
  3 jackals (D:1)
  2 quokkas
  6 ball pythons
  3 bats
  3 frilled lizards
  3 goblins (D:1)
  2 goblin zombies
  8 hobgoblin zombies (Ossuary)
  4 kobolds
  8 kobold zombies
  10 orc zombies (Ossuary)
  4 rats
  2 rat zombies (Ossuary)
172 creatures vanquished.

Notes
Turn   | Place    | Note
-------+----------+-------------------------------------------
     0 | D:1      | Deminshera the Kobold Enchanter began the quest for the
                  | Orb.
     0 | D:1      | Reached XP level 1. HP: 10/10 MP: 3/3
   181 | D:1      | Reached XP level 2. HP: 5/15 MP: 5/5
   184 | D:1      | Learned a level 2 spell: Ensorcelled Hibernation
   490 | D:1      | You fall into a shaft and drop 1 floor!
   531 | D:2      | Reached XP level 3. HP: 10/19 MP: 7/7
   551 | D:2      | Found a shadowy altar of Dithmenos.
   556 | D:2      | Became a worshipper of Dithmenos the Shadowed
   781 | D:1      | Found Sooduirch's Armour Shop.
   926 | D:1      | Reached XP level 4. HP: 20/24 MP: 8/8
  1395 | D:2      | Found a faded altar of an unknown god.
  1424 | D:2      | Noticed Terence
  1445 | D:1      | Killed Terence
  1446 | D:1      | Reached XP level 5. HP: 10/28 MP: 6/9
  1642 | D:1      | Learned a level 3 spell: Tukima's Dance
  1648 | D:1      | Reached * piety under Dithmenos
  1649 | D:1      | Reached skill level 5 in Hexes
  2586 | D:2      | Reached skill level 1 in Ice Magic
  2850 | D:3      | Found a hazy altar of Hepliaklqana.
  3254 | D:3      | Found Atud's Armour Boutique.
  3393 | D:4      | Reached skill level 1 in Fighting
  3393 | D:4      | Reached XP level 6. HP: 32/34 MP: 5/10
  4641 | D:4      | Noticed Grinder
  4822 | D:5      | Entered Level 5 of the Dungeon
  4964 | D:5      | Found a faded altar of an unknown god.
  5071 | D:5      | Reached skill level 5 in Stealth
  5071 | D:5      | Reached XP level 7. HP: 41/41 MP: 11/11
  5177 | D:5      | Noticed Ijyb
  5190 | D:5      | Killed Ijyb
  5426 | D:5      | Found a staircase to the Ecumenical Temple.
  5520 | D:5      | Found a basalt altar of Yredelemnul.
  5828 | D:6      | Found a sand-covered staircase.
  5833 | Ossuary  | Entered an ossuary
  5896 | Ossuary  | Reached ** piety under Dithmenos
  6165 | Ossuary  | Reached XP level 8. HP: 48/48 MP: 12/12
  6239 | Ossuary  | Reached skill level 5 in Fighting
  6239 | Ossuary  | Reached skill level 5 in Short Blades
  7281 | D:6      | Reached *** piety under Dithmenos
  7757 | D:6      | Found a runed translucent door.
  7799 | D:6      | Noticed Solarlight's ghost (novice MiFi)
  7911 | D:7      | Reached skill level 10 in Stealth
  7911 | D:7      | Reached skill level 1 in Evocations
  7978 | D:6      | Reached skill level 3 in Evocations
  7978 | D:6      | Reached XP level 9. HP: 20/54 MP: 10/13
  8059 | D:7      | Reached skill level 4 in Evocations
  8112 | D:7      | Found an ornate altar of the Wu Jian Council.
  8171 | D:7      | Reached skill level 5 in Evocations
  8314 | D:7      | Found a sacrificial altar of Ru.
  8422 | D:7      | Reached skill level 6 in Evocations
  8900 | D:7      | Noticed Prince Ribbit
  8904 | D:7      | Killed Prince Ribbit
  8905 | D:7      | Reached skill level 7 in Evocations
  9840 | D:4      | Reached skill level 8 in Evocations
  9942 | D:4      | Killed Grinder
 10321 | D:8      | Noticed Harold
 10343 | D:8      | Killed Harold
 10344 | D:8      | Reached skill level 10 in Evocations
 10344 | D:8      | Reached XP level 10. HP: 31/59 MP: 3/14
 10625 | D:8      | Found Dicri's Antique Armour Emporium.
 10628 | D:8      | Bought a pair of encrusted boots for 237 gold pieces
 10628 | D:8      | Identified the +0 pair of boots of Goigh {Dex+4} (You
                  | bought it in a shop on level 8 of the Dungeon)
 10684 | D:8      | Found an iron altar of Okawaru.
 10701 | D:8      | Found a snail-covered altar of Cheibriados.
 10857 | D:8      | Found Upsaoqun's General Store.
 10875 | D:8      | Noticed Joseph
 10876 | D:8      | Found Coan Bacsy's General Store.
 10881 | D:8      | Killed Joseph
 10882 | D:8      | Reached skill level 11 in Evocations
 10917 | D:8      | Bought a scroll of blinking for 75 gold pieces
 10995 | D:8      | Found Zaom's Assorted Antiques.
 11049 | D:8      | Found Efa Joulla's Book Boutique.
 11116 | D:8      | Reached skill level 12 in Evocations
 11379 | D:9      | Noticed a cyclops
 11381 | D:9      | Noticed a two-headed ogre
 11385 | D:9      | Killed a cyclops
 11486 | D:9      | Mangled by a two-headed ogre

Illustrated notes

Levels and vault maps discovered:
D:1:      dpeg_arrival_signposts, layout_basic, serial_shops,
          nicolae_lakefront_shop
D:2:      layout_rooms, ebering_ecumenical_altar_webs, basic_altar, uniq_terence
D:3:      layout_rooms, nzn_hepliaklqana_mist_gate, serial_shops, shop_fountains
D:4:      layout_gridville, uniq_grinder
D:5:      layout_cave_pools, kennysheep_mini,
          minmay_temple_entry_statues_pillars, serial_column_ruins,
          column_ruins_temple_hall, column_ruins_hut,
          column_ruins_open_medium_water, column_ruins_columns_straight,
          column_ruins_open_tiny_water, column_ruins_grid_1,
          column_ruins_open_medium_water, column_ruins_open_small, uniq_ijyb
D:6:      layout_cave_pods, nicolae_ossuary_entry_giza,
          hellmonk_ghost_happy_afterlife
D:7:      layout_cave_pods, mainiacjoe_overflow_surrounded_room,
          nicolae_ru_sacrificial_ziggurat, grunt_decor_junction,
          uniq_prince_ribbit1
D:8:      layout_cave_pods, slow_altar_1, kennysheep_mini_moat, serial_shops,
          nicolae_shop_behind_doors, nicolae_shop_stone,
          nicolae_shop_hallway_stairs, nicolae_shop_hallway_plus, shop,
          serial_park, serial_park_tiny_2, serial_park_tiny_pond,
          serial_park_square2, uniq_joseph, uniq_harold
D:9:      minmay_spotlight, layout_basic

Skill      XL: |  1  2  3  4  5  6  7  8  9 10 |
---------------+-------------------------------+-----
Hexes          | 4 5 |  5.0
Spellcasting   | 3 |  3.0
Ice Magic      | 2 |  2.0
Fighting       | 1 3 4 5 |  5.0
Short Blades   | 2 3 4 5 |  5.0
Stealth        | 5 6 10 | 10.0
Evocations     | 3 10 12 | 12.4
Dodging        | |  2.4

Action                   |  1- 3 |  4- 6 |  7- 9 | 10-12 || total
-------------------------+-------+-------+-------+-------++-------
Melee: Dagger            |    36 |   142 |   230 |    31 ||   439
       Whip              |       |     1 |   238 |       ||   239
Throw: Throwing net      |       |     1 |       |       ||     1
 Cast: Ensorcelled Hiber |     3 |    29 |    46 |    13 ||    91
       Tukima's Dance    |       |     1 |       |       ||     1
Evoke: Wand              |       |     6 |    19 |       ||    25
  Use: Potion            |     1 |     2 |     3 |       ||     6
       Scroll            |       |     2 |    12 |     4 ||    18
 Stab: Sleeping          |     7 |    42 |    47 |     7 ||   103
       Invisible         |     1 |       |       |       ||     1
       Distracted        |       |     1 |     1 |       ||     2
       Held in net/web   |       |     1 |       |       ||     1
Armor: Robe              |     1 |    17 |   133 |     1 ||   152
Dodge: Dodged            |    20 |   100 |   484 |    15 ||   619

Table legend: (Time is in decaauts)
 A = Elapsed time spent in this place.
 B = Non-inter-level travel time spent in this place.
 C = Inter-level travel time spent in this place.
 D = Time resting spent in this place.
 E = Time spent auto-exploring this place.
 F = Levels seen in this place.
 G = Mean time per level.
                   A        B        C        D        E       F      G
               +--------+--------+--------+--------+--------+-----+--------+
         Total |  11453 |  10894 |    559 |   3498 |   5425 |  10 | 1145.3 |
       Dungeon |  10902 |  10343 |    559 |   3492 |   5337 |   9 | 1211.3 |
       Ossuary |    551 |    551 |      0 |      6 |     88 |   1 |  551.0 |
               +--------+--------+--------+--------+--------+-----+--------+

Top non-repeatable levels by time:
     D:4: 1804 daAuts
     D:1: 1679 daAuts
     D:5: 1509 daAuts
     D:7: 1344 daAuts
     D:8: 1342 daAuts
     D:6: 1198 daAuts
     D:2: 1126 daAuts
     D:3: 868 daAuts
 Ossuary: 551 daAuts
     D:9: 28 daAuts
